SL
TOLEDO TITANS @ OAKLAND OAKS
07/31/2024
 
TOP OF THE 1ST
Toledo Titans batting - Pitching for Oakland Oaks : RHP Matt Webber
Pitching: RHP Matt Webber
Batting: RHB Pil-joong Pak 0-0: Ball
1-0: Ball
2-0: Foul Ball, location: 2F
2-1: Swinging Strike
2-2: Ball
3-2: Foul Ball, location: 2F
3-2: Foul Ball, location: 2F
3-2: Strikes out swinging
Batting: RHB Kade Knowles 0-0: Ball
1-0: Ball
2-0: Called Strike
2-1: Ball
3-1: Base on Balls
Batting: LHB Tony Dyer 0-0: Swinging Strike
0-1: Foul Ball, location: 2F
0-2: Ball
1-2: Strikes out looking
Batting: LHB Yannick Hendriksen 0-0: Called Strike
0-1: Called Strike
0-2: Ball
1-2: Ball
2-2: Ball
3-2: Ground out 3-1 (Groundball, 3)
Top of the 1st over - 0 run(s), 0 hit(s), 0 error(s), 1 left on base; Toledo 0 - Oakland 0
BOTTOM OF THE 1ST
Oakland Oaks batting - Pitching for Toledo Titans : RHP Ramiro Flores
Pitching: RHP Ramiro Flores
Batting: LHB Todd Williams 0-0: Ball
1-0: Ball
2-0: Swinging Strike
2-1: Ball
3-1: Ground out 4-3 (Groundball, 4)
Batting: LHB Todd Henry 0-0: Called Strike
0-1: Foul Ball, location: 2F
0-2: SINGLE (Groundball, 23) (infield hit)
Batting: RHB Gabriel Maldonado 0-0: Foul Ball, location: 2F
0-1: Foul Ball, location: 2F
0-2: Ball
1-2: Ball
2-2: Ball
3-2: Base on Balls
Todd Henry to second
Batting: LHB Jesús Quintanilla 0-0: Ball
1-0: Ball
2-0: Fly out, F5 (Popup, 5SF)
Batting: RHB Rafael Najcrea 0-0: Foul Ball, location: 2F
0-1: Foul Ball, location: 2F
0-2: Ball
1-2: Foul Ball, location: 2F
1-2: Foul Ball, location: 2F
1-2: Foul Ball, location: 2F
1-2: Ball
2-2: Foul Ball, location: 2F
2-2: Fly out, F8 (Flyball, 8LS)
Bottom of the 1st over - 0 run(s), 1 hit(s), 0 error(s), 2 left on base; Toledo 0 - Oakland 0
TOP OF THE 2ND
Toledo Titans batting - Pitching for Oakland Oaks : RHP Matt Webber
Batting: RHB Steve Dunn 0-0: Fly out, F7 (Flyball, 78D)
Batting: LHB Jeff Lee 0-0: Swinging Strike
0-1: Ball
1-1: Swinging Strike
1-2: Ball
2-2: Foul Ball, location: 2F
2-2: Ball
3-2: Foul Ball, location: 2F
3-2: Foul Ball, location: 2F
3-2: Fly out, F4 (Line Drive, 4)
Batting: RHB Juan Ramos 0-0: Ball
1-0: Called Strike
1-1: SINGLE (Line Drive, 56D)
Batting: RHB Mike Burns 0-0: Ball
1-0: Called Strike
1-1: Ball
2-1: Ball
3-1: Base on Balls
Juan Ramos to second
Batting: LHB José Ortega 0-0: Called Strike
0-1: Swinging Strike
0-2: Strikes out swinging
Top of the 2nd over - 0 run(s), 1 hit(s), 0 error(s), 2 left on base; Toledo 0 - Oakland 0
BOTTOM OF THE 2ND
Oakland Oaks batting - Pitching for Toledo Titans : RHP Ramiro Flores
Batting: LHB Ron Frazier 0-0: Called Strike
0-1: Ball
1-1: Foul Ball, location: 2F
1-2: Foul Ball, location: 2F
1-2: Strikes out swinging
Batting: SHB Brian Ray 0-0: Ball
1-0: Called Strike
1-1: Foul Ball, location: 2F
1-2: Strikes out swinging
Batting: RHB Manuel Rodríguez 0-0: Ball
1-0: Foul Ball, location: 2F
1-1: Foul Ball, location: 2F
1-2: Strikes out swinging
Bottom of the 2nd over - 0 run(s), 0 hit(s), 0 error(s), 0 left on base; Toledo 0 - Oakland 0
TOP OF THE 3RD
Toledo Titans batting - Pitching for Oakland Oaks : RHP Matt Webber
Batting: RHB Pil-joong Pak 0-0: Called Strike
0-1: Ball
1-1: Swinging Strike
1-2: Strikes out swinging
Batting: RHB Kade Knowles 0-0: Swinging Strike
0-1: Ball
1-1: Swinging Strike
1-2: Strikes out swinging
Batting: LHB Tony Dyer 0-0: SINGLE (Line Drive, 34D)
Batting: LHB Yannick Hendriksen 0-0: Called Strike
0-1: Swinging Strike
0-2: Ball
Passed Ball!
Tony Dyer to second
1-2: Strikes out swinging
Top of the 3rd over - 0 run(s), 1 hit(s), 0 error(s), 1 left on base; Toledo 0 - Oakland 0
BOTTOM OF THE 3RD
Oakland Oaks batting - Pitching for Toledo Titans : RHP Ramiro Flores
Batting: SHB John Allen 0-0: Ball
1-0: Swinging Strike
1-1: Ball
2-1: Ground out 4-3 (Groundball, 4)
Batting: LHB Todd Williams 0-0: Ball
1-0: Called Strike
1-1: Ground out 4-3 (Groundball, 4)
Batting: LHB Todd Henry 0-0: Ball
1-0: Ball
2-0: Swinging Strike
2-1: Swinging Strike
2-2: Foul Ball, location: 2F
2-2: Strikes out swinging
Bottom of the 3rd over - 0 run(s), 0 hit(s), 0 error(s), 0 left on base; Toledo 0 - Oakland 0
TOP OF THE 4TH
Toledo Titans batting - Pitching for Oakland Oaks : RHP Matt Webber
Batting: RHB Steve Dunn 0-0: SINGLE (Flyball, 78S)
Batting: LHB Jeff Lee 0-0: Ball
1-0: Ball
2-0: Called Strike
2-1: Ball
Wild Pitch!
Steve Dunn to second
3-1: Foul Ball, location: 2F
3-2: Strikes out swinging
Batting: RHB Juan Ramos 0-0: Ball
1-0: Ball
2-0: Ball
3-0: Called Strike
3-1: Foul Ball, location: 2F
3-2: Base on Balls
Batting: RHB Mike Burns 0-0: Called Strike
0-1: Ball
1-1: Ball
2-1: Ball
3-1: Fly out, F9 (Flyball, 89M)
Batting: LHB José Ortega 0-0: Called Strike
0-1: Ball
1-1: SINGLE (Groundball, 34D)
Steve Dunn to third
Juan Ramos to second
Runner from 3rd tries for Home, SAFE, throw made home
Juan Ramos to third
José Ortega to second
Batting: RHB Pil-joong Pak 0-0: Ball
1-0: Called Strike
1-1: Ground out 6-3 (Groundball, 56)
Top of the 4th over - 1 run(s), 2 hit(s), 0 error(s), 2 left on base; Toledo 1 - Oakland 0
BOTTOM OF THE 4TH
Oakland Oaks batting - Pitching for Toledo Titans : RHP Ramiro Flores
Batting: RHB Gabriel Maldonado 0-0: Ball
1-0: Called Strike
1-1: Called Strike
1-2: Ball
2-2: Ball
3-2: Foul Ball, location: 2F
3-2: Ground out 5-3 (Groundball, 5)
Batting: LHB Jesús Quintanilla 0-0: Ball
1-0: Called Strike
1-1: Ball
2-1: Foul Ball, location: 2F
2-2: Ball
3-2: Foul Ball, location: 2F
3-2: Foul Ball, location: 2F
3-2: Foul Ball, location: 2F
3-2: Ground out U3 (Groundball, 3L)
Batting: RHB Rafael Najcrea 0-0: Swinging Strike
0-1: Ball
1-1: Swinging Strike
1-2: Ball
2-2: Ball
3-2: Strikes out swinging
Bottom of the 4th over - 0 run(s), 0 hit(s), 0 error(s), 0 left on base; Toledo 1 - Oakland 0
TOP OF THE 5TH
Toledo Titans batting - Pitching for Oakland Oaks : RHP Matt Webber
Batting: RHB Kade Knowles 0-0: Called Strike
0-1: Ball
1-1: Foul Ball, location: 2F
1-2: Foul Ball, location: 2F
1-2: Ball
2-2: Ball
3-2: Foul Ball, location: 2F
3-2: SINGLE (Flyball, 8RS)
Batting: LHB Tony Dyer 0-0: Called Strike
0-1: Grounds into double play, 4-6-3 (Groundball, 4)
Batting: LHB Yannick Hendriksen 0-0: Ball
1-0: Ball
2-0: Ball
3-0: Base on Balls
Batting: RHB Steve Dunn 0-0: Ball
1-0: Reached on error, E1 (Groundball, 15)
Yannick Hendriksen to second
Batting: LHB Jeff Lee 0-0: Called Strike
0-1: Swinging Strike
0-2: Foul Ball, location: 2F
0-2: Foul Ball, location: 2F
0-2: Ball
1-2: Ball
2-2: SINGLE (Groundball, 4MD)
Yannick Hendriksen to third
Steve Dunn to second
Runner from 3rd tries for Home, SAFE, throw made home
Pitching: RHP Enrique López
Batting: RHB Juan Ramos 0-0: Fielders Choice at 2nd, U6 (Groundball, 6M)
Top of the 5th over - 1 run(s), 2 hit(s), 1 error(s), 2 left on base; Toledo 2 - Oakland 0
BOTTOM OF THE 5TH
Oakland Oaks batting - Pitching for Toledo Titans : RHP Ramiro Flores
Batting: LHB Ron Frazier 0-0: Ball
1-0: Foul Ball, location: 2F
1-1: SINGLE (Groundball, 6MD) (infield hit)
Batting: SHB Brian Ray 0-0: Swinging Strike
0-1: Ball
1-1: Swinging Strike
1-2: Ball
2-2: Ball
3-2: Strikes out swinging
Ron Frazier is caught stealing 2nd base
Batter strikes out.
Batting: RHB Manuel Rodríguez 0-0: Foul Ball, location: 2F
0-1: Ground out 3-1 (Groundball, 3L)
Bottom of the 5th over - 0 run(s), 1 hit(s), 0 error(s), 0 left on base; Toledo 2 - Oakland 0
TOP OF THE 6TH
Toledo Titans batting - Pitching for Oakland Oaks : RHP Enrique López
Batting: RHB Mike Burns 0-0: Ball
1-0: Ground out 5-3 (Groundball, 56S)
Batting: LHB José Ortega 0-0: Called Strike
0-1: Ball
1-1: Swinging Strike
1-2: Ball
2-2: Strikes out swinging
Batting: RHB Pil-joong Pak 0-0: Called Strike
0-1: Ball
1-1: Ball
2-1: Foul Ball, location: 2F
2-2: Foul Ball, location: 2F
2-2: Ball
3-2: Foul Ball, location: 2F
3-2: SINGLE (Line Drive, 6MD)
Batting: RHB Kade Knowles 0-0: Called Strike
0-1: Ball
1-1: Called Strike
1-2: Ball
2-2: SINGLE (Groundball, 34)
Pil-joong Pak to second
Runner from 2nd tries for 3rd, SAFE, throw made to third
Batting: LHB Tony Dyer 0-0: Ball
1-0: Foul Ball, location: 2F
1-1: Called Strike
1-2: Ball
2-2: Foul Ball, location: 2F
2-2: SINGLE (Line Drive, 4M)
Pil-joong Pak scores
Kade Knowles to second
Runner from 2nd tries for 3rd, SAFE, throw made to third
Batting: LHB Yannick Hendriksen 0-0: Called Strike
0-1: Ball
1-1: Called Strike
1-2: Ball
2-2: Ground out 1-3 (Groundball, 23)
Top of the 6th over - 1 run(s), 3 hit(s), 0 error(s), 2 left on base; Toledo 3 - Oakland 0
BOTTOM OF THE 6TH
Oakland Oaks batting - Pitching for Toledo Titans : RHP Ramiro Flores
Batting: SHB John Allen 0-0: SINGLE (Groundball, 34)
Batting: LHB Todd Williams 0-0: Ball
Wild Pitch!
John Allen to second
1-0: Foul Ball, location: 2F
1-1: Ground out U3 (Groundball, 3)
John Allen to third
Batting: LHB Todd Henry 0-0: SINGLE (Groundball, 34D)
John Allen scores
Batting: RHB Gabriel Maldonado 0-0: Ball
1-0: Grounds into double play, 5-4-3 (Groundball, 5L)
Bottom of the 6th over - 1 run(s), 2 hit(s), 0 error(s), 0 left on base; Toledo 3 - Oakland 1
TOP OF THE 7TH
Toledo Titans batting - Pitching for Oakland Oaks : RHP Enrique López
Batting: RHB Steve Dunn 0-0: DOUBLE (Flyball, 9S)
Batting: LHB Jeff Lee 0-0: Ball
1-0: Called Strike
1-1: Called Strike
1-2: Strikes out swinging
Batting: RHB Juan Ramos 0-0: Called Strike
0-1: Foul Ball, location: 2F
0-2: Foul Ball, location: 2F
0-2: Ground out 6-3 (Groundball, 6)
Batting: RHB Mike Burns 0-0: Ball
1-0: Foul Ball, location: 2F
1-1: 2-RUN HOME RUN (Line Drive, 8LXD), Distance : 433 ft
Batting: LHB José Ortega 0-0: Foul Ball, location: 2F
0-1: Called Strike
0-2: Strikes out swinging
Top of the 7th over - 2 run(s), 2 hit(s), 0 error(s), 0 left on base; Toledo 5 - Oakland 1
BOTTOM OF THE 7TH
Oakland Oaks batting - Pitching for Toledo Titans : RHP Ramiro Flores
Batting: LHB Jesús Quintanilla 0-0: Ball
1-0: Ball
2-0: Foul Ball, location: 2F
2-1: Ball
3-1: SINGLE (Groundball, 34S)
Pitching: RHP Ramiro Germán
Batting: RHB Rafael Najcrea 0-0: Ball
1-0: Ball
2-0: Ball
3-0: Called Strike
3-1: DOUBLE (Line Drive, 8LD)
Jesús Quintanilla to third
Runner from 3rd tries for Home, SAFE, throw made at trailing runner, SAFE at third!
Batting: LHB Ron Frazier 0-0: Called Strike
0-1: Ball
1-1: SINGLE (Groundball, 5D)
Rafael Najcrea scores
Batting: SHB Brian Ray 0-0: Called Strike
0-1: Fielders Choice at 2nd, 3-6 (Groundball, 34)
Batting: RHB Manuel Rodríguez 0-0: Swinging Strike
0-1: Swinging Strike
0-2: Ball
1-2: Ball
2-2: Fielders Choice at 2nd, 5-4 (Groundball, 56)
Now at 2B: Paul Houston
Batting: SHB John Allen 0-0: Foul Ball, location: 2F
0-1: Hit by Pitch
Manuel Rodríguez to second
Batting: LHB Todd Williams 0-0: Fly out, F7 (Flyball, 7LSF)
Bottom of the 7th over - 2 run(s), 3 hit(s), 0 error(s), 2 left on base; Toledo 5 - Oakland 3
TOP OF THE 8TH
Toledo Titans batting - Pitching for Oakland Oaks : RHP Enrique López
Pitching: RHP Júlio Saldańa
Batting: RHB Paul Houston 0-0: Foul Ball, location: 2F
0-1: SINGLE (Flyball, 9LS)
Batting: RHB Kade Knowles 0-0: Sac Bunt - play at first, batter OUT! 2-4
Paul Houston to second
Batting: LHB Tony Dyer 0-0: Foul Ball, location: 2F
0-1: Ground out 4-3 (Groundball, 4)
Paul Houston to third
Batting: LHB Yannick Hendriksen 0-0: Ball
1-0: Called Strike
1-1: Foul Ball, location: 2F
1-2: Foul Ball, location: 2F
1-2: Ground out 3-1 (Groundball, 34)
Top of the 8th over - 0 run(s), 1 hit(s), 0 error(s), 1 left on base; Toledo 5 - Oakland 3
BOTTOM OF THE 8TH
Oakland Oaks batting - Pitching for Toledo Titans : RHP Ramiro Germán
Batting: LHB Todd Henry 0-0: Called Strike
0-1: Swinging Strike
0-2: SINGLE (Groundball, 4M)
Pitching: LHP Brandeis Vogt
Batting: RHB Gabriel Maldonado 0-0: Called Strike
0-1: Ball
1-1: Ball
2-1: Foul Ball, location: 2F
2-2: Foul Ball, location: 2F
2-2: Strikes out looking
Batting: LHB Jesús Quintanilla 0-0: Called Strike
0-1: Foul Ball, location: 2F
0-2: Strikes out swinging
Batting: RHB Rafael Najcrea 0-0: Called Strike
0-1: Ball
1-1: Ball
2-1: Ball
3-1: Called Strike
3-2: Base on Balls
Todd Henry to second
Pinch Hitting: RHB Dave Henderson 0-0: Called Strike
0-1: Ball
Wild Pitch!
Todd Henry to third
Rafael Najcrea to second
1-1: Ball
2-1: Foul Ball, location: 2F
2-2: Foul Ball, location: 2F
2-2: Ground out 6-3 (Groundball, 6M)
Bottom of the 8th over - 0 run(s), 1 hit(s), 0 error(s), 2 left on base; Toledo 5 - Oakland 3
TOP OF THE 9TH
Toledo Titans batting - Pitching for Oakland Oaks : RHP Júlio Saldańa
Now at 2B: Dave Henderson
Batting: RHB Steve Dunn 0-0: Called Strike
0-1: Ball
1-1: Called Strike
1-2: Foul Ball, location: 2F
1-2: Ball
2-2: Ball
3-2: Foul Ball, location: 2F
3-2: Foul Ball, location: 2F
3-2: Base on Balls
Batting: LHB Jeff Lee 0-0: Ground out 5-3 (Groundball, 15S)
Steve Dunn to second
Batting: RHB Juan Ramos 0-0: Ground out 5-3 (Groundball, 5L)
Batting: RHB Mike Burns 0-0: Called Strike
0-1: Fly out, F5 (Line Drive, 5)
Top of the 9th over - 0 run(s), 0 hit(s), 0 error(s), 1 left on base; Toledo 5 - Oakland 3
BOTTOM OF THE 9TH
Oakland Oaks batting - Pitching for Toledo Titans : LHP Brandeis Vogt
Pitching: RHP Ricardo Gómez
Batting: SHB Brian Ray 0-0: Called Strike
0-1: Ball
1-1: Foul Ball, location: 2F
1-2: Strikes out swinging
Batting: RHB Manuel Rodríguez 0-0: Ball
1-0: Ball
2-0: Called Strike
2-1: Ball
3-1: Foul Ball, location: 2F
3-2: Ground out 4-3 (Groundball, 4)
Batting: SHB John Allen 0-0: DOUBLE (Line Drive, 56D)
Batting: LHB Todd Williams 0-0: Ball
1-0: Called Strike
1-1: Foul Ball, location: 2F
1-2: Foul Ball, location: 2F
1-2: Foul Ball, location: 2F
1-2: Ball
2-2: Ball
3-2: Ground out 4-3 (Groundball, 4)
Bottom of the 9th over - 0 run(s), 1 hit(s), 0 error(s), 1 left on base; Toledo 5 - Oakland 3
This league is powered by Out of the Park Baseball, the baseball management simulation game for PC, Mac and Linux
Monday, October 3rd, 2016 - OOTP Baseball 16.9 Build 39